 Dungeon Crawl Stone Soup version 0.24-a0-254-gf493760 (webtiles) character file.

Game seed: 3186615889484267588

53 robertstho the Grave Robber (level 3, -8/24 HPs)
             Began as a Mummy Necromancer on Apr 18, 2019.
             Mangled by Grinder (9 damage)
             ... on level 3 of the Dungeon.
             The game lasted 00:06:25 (2023 turns).

robertstho the Grave Robber (Mummy Necromancer)     Turns: 2023, Time: 00:06:27

Health: -8/24      AC:  5    Str: 11    XL:     3   Next: 62%
Magic:  3/7        EV: 11    Int: 15    God:
Gold:   138        SH:  0    Dex: 12    Spells: 3/8 levels left

rFire    . . .     SeeInvis .   i - +3 dagger (venom)
rCold    + . .     Gourm    .   (no shield)
rNeg     + + +     Faith    .   f - +0 leather armour {rF+}
rPois    ∞         Spirit   .   o - +1 helmet
rElec    .         Reflect  .   (no cloak)
rCorr    .         Harm     .   (no gloves)
MR       .....                  (no boots)
Stlth    ++........             (no amulet)
HPRegen  0.08/turn              (no ring)
MPRegen  0.10/turn              (no ring)

@: no status effects
A: no food or potions, fire vulnerability, cold resistance 1, negative energy
resistance 3, torment resistance, unbreathing
a: no special abilities


You were on level 3 of the Dungeon.
You were not hungry.

You visited 1 branch of the dungeon, and saw 3 of its levels.

You collected 138 gold pieces.

Inventory:

Hand Weapons
 b - a +0 short sword
 i - a +3 dagger of venom (weapon)
 l - a +0 hunting sling
 p - a +0 spear
Missiles
 j - 4 exploding tomahawks (quivered)
 k - 21 sling bullets
Armour
 a - a +0 robe
 c - a +0 leather armour
 f - a +0 leather armour of fire resistance (worn)
 o - a +1 helmet (worn)


   Skills:
 + Level 0.1 Fighting
 + Level 0.1 Armour
 + Level 1.6 Dodging
 + Level 1.7 Stealth
 + Level 3.4 Spellcasting
 + Level 4.9 Necromancy


You had 3 spell levels left.
You knew the following spells:

 Your Spells              Type           Power        Failure   Level  Hunger
a - Pain                  Necr           ###.         3%          1    N/A
b - Animate Skeleton      Necr           N/A          3%          1    N/A
c - Vampiric Draining     Necr           ###.......   10%         3    N/A

Your spell library contained the following spells:

 Spells                   Type           Power        Failure   Level  Hunger
 Animate Dead             Necr           N/A          32%         4    N/A
 Regeneration             Chrm/Necr      Unusable     N/A         3    N/A

Dungeon Overview and Level Annotations

Branches:
Dungeon (3/15)

Altars:
Zin

Annotations:
D:3 Grinder, Jessica


Innate Abilities, Weirdness & Mutations

You do not eat or drink.
Your flesh is vulnerable to fire.
You are immune to poison.
Your flesh is cold resistant. (rC+)
You are immune to negative energy. (rN+++)
You are immune to unholy pain and torment.
You can survive without breathing.


Message History

Okay, then.
The hobgoblin barely misses you. The bullfrog barely misses you.
Jessica hits you.
* * * LOW HITPOINT WARNING * * *
Grinder barely misses you.
As you read the scroll labeled DIKYINU EFIUK, it crumbles to dust.
It is a scroll of enchant armour.
Your +0 helmet glows green for a moment.
The bullfrog hits you but does no damage.
The hobgoblin closely misses you. Grinder barely misses you. Jessica hits you.
* * * LOW HITPOINT WARNING * * *
The bullfrog closely misses you.
As you read the scroll of enchant weapon, it crumbles to dust.
Your +2 dagger of venom glows red for a moment.
The bullfrog barely misses you. Jessica hits you.
* * * LOW HITPOINT WARNING * * *
The hobgoblin hits you with a +0 club.
* * * LOW HITPOINT WARNING * * *
Grinder hits you!
You die...

### ###.##### .
..#.....###### ..
....###......# ###.#.#
#.#..##......####g......
(_...##........5@@......
#.#...##########.F##....
..#.### #### . . #...# .
#<..# #...+ #...+ #...#
....#


You could see Grinder, a bullfrog, Jessica and a hobgoblin.

Vanquished Creatures
  An adder (D:1)
  A worm (D:2)
  2 dart slugs (D:2)
  3 leopard geckos
  3 giant cockroaches (D:2)
  2 hobgoblins
  7 kobolds
  A ball python (D:2)
  2 bats (D:1)
  A frilled lizard (D:3)
  2 goblins
  6 rats
31 creatures vanquished.

Vanquished Creatures (collateral kills)
  A kobold (D:1)
  A quokka (D:2)
  A rat (D:2)
3 creatures vanquished.

Grand Total: 34 creatures vanquished

Notes
Turn   | Place    | Note
-------+----------+-------------------------------------------
     0 | D:1      | robertstho the Mummy Necromancer began the quest for the
                  | Orb.
     0 | D:1      | Reached XP level 1. HP: 13/13 MP: 4/4
   421 | D:1      | Reached XP level 2. HP: 19/19 MP: 3/5
   427 | D:1      | Learned a level 1 spell: Animate Skeleton
  1171 | D:2      | Reached XP level 3. HP: 24/24 MP: 4/7
  1184 | D:1      | Learned a level 3 spell: Vampiric Draining
  1985 | D:3      | Noticed Grinder
  1988 | D:3      | Found a glowing silver altar of Zin.
  2011 | D:3      | Noticed a bullfrog
  2012 | D:3      | Noticed Jessica
  2023 | D:3      | HP: 1/24 [hobgoblin/+0 club (1)]
  2023 | D:3      | Mangled by Grinder

Levels and vault maps discovered:
D:1:      onia_arrival_pyramid, layout_basic, solitary_fountain,
          minmay_misc_feat_four_crosses
D:2:      layout_basic, minmay_ruptured
D:3:      layout_rooms, lemuel_crystal_altar, chequers_ecumenical_altar_island,
          kennysheep_generic_room_6, uniq_jessica, uniq_robin, uniq_grinder

Skill      XL: |  1  2 |
---------------+-------+-----
Spellcasting   | 3 |  3.4
Fighting       | |  0.1
Armour         | |  0.1
Dodging        | |  1.6
Stealth        | |  1.7
Necromancy     | |  4.9

Action                   || total
-------------------------++-------
Melee: Short sword       ||    11
       Dagger            ||    10
       Spear             ||     3
Throw: Tomahawk          ||     1
 Cast: Pain              ||    58
       Animate Skeleton  ||    10
  Use: Scroll            ||     6
Armor: Leather armour    ||    13
Dodge: Dodged            ||    40

Table legend:
 A = Non-vault XP
 B = Vault XP
 C = Vault XP percentage of total XP
 D = Non-vault monster count
 E = Vault monster count
 F = Vault count percentage of total count
                 A         B        C        D         E       F
            +---------+---------+-------+---------+---------+-------
      Total |      72 |       4 |   5.3 |      31 |       3 |   8.8
            +---------+---------+-------+---------+---------+-------
        D:1 |      36 |       0 |   0.0 |      15 |       0 |   0.0
        D:2 |      35 |       4 |  10.3 |      15 |       3 |  16.7
        D:3 |       1 |       0 |   0.0 |       1 |       0 |   0.0
            +---------+---------+-------+---------+---------+-------
